 Dungeon Crawl Stone Soup version 0.25-a0-577-ga4619f409e (webtiles) character file.

Game seed: 12266311196967331989, levelgen mode: deterministic

63 kae the Sneak (level 3, -3/24 HPs)
             Began as a Vampire Enchanter on Mar 2, 2020.
             Slain by a gnoll
             ... wielding a +0 spear
              (8 damage)
             ... on level 2 of the Dungeon.
             The game lasted 00:01:32 (1088 turns).

kae the Sneak (Vampire Enchanter)                   Turns: 1088, Time: 00:01:32

Health: -3/24      AC:  2    Str:  8    XL:     3   Next: 87%
Magic:  1/6        EV: 12    Int: 17    God:
Gold:   69         SH:  0    Dex: 14    Spells: 3/6 levels left

rFire    . . .     SeeInvis +   a - +1 dagger
rCold    . . .     Gourm    .   (no shield)
rNeg     . . .     Faith    .   b - +0 robe
rPois    .         Spirit   .   (no helmet)
rElec    .         Reflect  .   (no cloak)
rCorr    .         Harm     .   (no gloves)
MR       .....                  (no boots)
Stlth    +++.......             (no amulet)
HPRegen  0.28/turn              (no ring)
MPRegen  0.10/turn              (no ring)

@: very slightly contaminated, regenerating quickly
A: no food, fangs 3, see invisible, unbreathing
a: Exsanguinate


You were on level 2 of the Dungeon.
You were alive.

You visited 1 branch of the dungeon, and saw 2 of its levels.

You collected 69 gold pieces.

Inventory:

Hand Weapons
 a - a +1 dagger (weapon)
Armour
 b - a +0 robe (worn)
Jewellery
 j - a cursed -4 ring of intelligence {unknown}
Scrolls
 e - 3 scrolls of identify {unknown}
 f - a scroll of random uselessness {unknown}
 h - a scroll of teleportation {unknown}
 k - a scroll of enchant armour {unknown}
 l - a scroll of immolation {unknown}
Potions
 c - 2 potions of might {unknown}
 d - a potion of stabbing {unknown}
 g - a potion of brilliance {unknown}
 i - a potion of curing {unknown}


   Skills:
 * Level 2.7 Short Blades
 - Level 2.1 Dodging
 + Level 5.1 Stealth
 + Level 2.4 Spellcasting
 + Level 5.0 Hexes


You had 3 spell levels left.
You knew the following spells:

 Your Spells              Type           Power        Failure   Level  Hunger
a - Corona                Hex            ###....      2%          1    N/A
b - Ensorcelled Hibernat  Hex/Ice        ##....       10%         2    N/A

Your spell library contained the following spells:

 Spells                   Type           Power        Failure   Level  Hunger
 Confusing Touch          Hex            ###.....     7%          3    N/A
 Tukima's Dance           Hex            ###.....     7%          3    N/A
 Dazzling Flash           Conj/Hex       ##....       21%         3    N/A

Dungeon Overview and Level Annotations

Branches:
Dungeon (2/15)

Altars:


Innate Abilities, Weirdness & Mutations

You do not eat.
Your natural rate of healing is unusually fast.
You have razor-sharp teeth.
You have supernaturally acute eyesight. (SInv)
You can survive without breathing.


Message History

You see here a +0 club.
Casting: Ensorcelled Hibernation (safe; 10% risk of failure)
Confirm with . or Enter, or press ? or * to list all spells.
Aiming: Ensorcelled Hibernation (safe; 10% risk of failure)
Press: ? - help, Shift-Dir - straight line, f/p - gnoll
Aim: a gnoll, wielding a +0 spear (chance to defeat MR: 50%)
You miscast Ensorcelled Hibernation.
You are very lightly contaminated with residual magic.
Frost covers your body. The gnoll barely misses you.
Casting: Ensorcelled Hibernation (safe; 10% risk of failure)
Confirm with . or Enter, or press ? or * to list all spells.
Aiming: Ensorcelled Hibernation (safe; 10% risk of failure)
Press: ? - help, Shift-Dir - straight line, f/p - gnoll
Aim: a gnoll, wielding a +0 spear (chance to defeat MR: 50%)
The gnoll resists with some effort.
The gnoll barely misses you. The gnoll closely misses you.
Okay, then.
A dart slug comes into view.
The gnoll hits you from afar with a +0 spear!
You die...

#....g..# #.# ## #.......# #.#.#
...... #...####.#.# #+#.##
#.####...#.# .. # #...)....#.#
####.. ## #..###.#.#.# #..... #.
#...g.g..#.# #.# #..#.
#...###.##g#.##########.###..#.
#.....#...##.gg.@................
#####....#...#.#...)#.##..######.
######.###.#....#.#...### #.
##......###.#...w+.#.....####.
#...#....##.#....###.###†#..'.
#...#.##.##.####.###.###.#'##.
#........##.##.........#....##
#......####.##...##.##.##...#
#......#....##...'.....##...#


You could see 3 gnolls and a dart slug (wandering).

Vanquished Creatures
  4 gnolls (D:2)
  A dart slug (D:2)
  A leopard gecko (D:1)
  A giant cockroach (D:2)
  2 goblins
  3 hobgoblins
  2 bats (D:1)
  3 frilled lizards (D:1)
  4 kobolds
  3 rats (D:1)
24 creatures vanquished.

Notes
Turn   | Place    | Note
-------+----------+-------------------------------------------
     0 | D:1      | kae the Vampire Enchanter began the quest for the Orb.
     0 | D:1      | Reached XP level 1. HP: 13/13 MP: 3/3
   287 | D:1      | Reached XP level 2. HP: 19/19 MP: 5/5
   481 | D:1      | Learned a level 2 spell: Ensorcelled Hibernation
   775 | D:2      | Reached XP level 3. HP: 19/24 MP: 3/6
   844 | D:2      | Reached skill level 5 in Stealth
  1029 | D:2      | Reached skill level 5 in Hexes
  1088 | D:2      | Slain by a gnoll

Levels and vault maps discovered:
D:1:      lemuel_arrival_funnel, layout_loops_ring, feat_on_display
D:2:      layout_basic

Skill      XL: |  1  2  3 |
---------------+----------+-----
Short Blades   | 2 |  2.7
Stealth        | 5 |  5.1
Hexes          | 5 |  5.0
Dodging        | |  2.1
Spellcasting   | |  2.4

Action                   || total
-------------------------++-------
Melee: Dagger            ||    80
       Bite              ||     2
 Cast: Corona            ||     1
       Ensorcelled Hiber ||     7
 Stab: Sleeping          ||     8
Armor: Robe              ||    10
Dodge: Dodged            ||    42

Table legend:
 A = Non-vault XP
 B = Vault XP
 C = Vault XP percentage of total XP
 D = Non-vault monster count
 E = Vault monster count
 F = Vault count percentage of total count
                 A         B        C        D         E       F
            +---------+---------+-------+---------+---------+-------
      Total |      90 |       0 |   0.0 |      24 |       0 |   0.0
            +---------+---------+-------+---------+---------+-------
        D:1 |      23 |       0 |   0.0 |      15 |       0 |   0.0
        D:2 |      67 |       0 |   0.0 |       9 |       0 |   0.0
            +---------+---------+-------+---------+---------+-------
